 Dungeon Sprint DCSS version 0.28.0-53-g5a82cb258f (webtiles) character file.

Game seed: 14261196532662406456

0 Zeld the Firebug (level 1, 0/16 HPs)
             Began as an Ogre Fire Elementalist on June 2, 2022.
             Was an Initiate of Gozag.
             Slain by Grinder (9 damage)
             ... in the Dungeon (Sprint VI: "Thunderdome").
             The game lasted 00:01:26 (95 turns).

Zeld the Firebug (Ogre Fire Elementalist)             Turns: 95, Time: 00:01:26

Health: 0/16       AC:  3    Str: 11    XL:     1   Next: 0%
Magic:  2/3        EV:  9    Int: 16    God:    Gozag
Gold:   32         SH:  0    Dex:  9    Spells: 3/4 levels left

rFire   . . .      SeeInvis .   (no weapon)
rCold   . . .      Faith    .   (no shield)
rNeg    . . .      Spirit   .   a - +0 robe
rPois   .          Reflect  .   (helmet restricted)
rElec   .          Harm     .   (no cloak)
rCorr   .          Rampage  .   (gloves unavailable)
Will    .....      NoTele   +   (boots unavailable)
Stlth   +.........              (no amulet)
HPRegen 0.05/turn               (no ring)
MPRegen 0.08/turn               (no ring)

@: no status effects
A: large, unfitting armour, tough skin 1
a: Renounce Religion, Potion Petition, Call Merchant, Bribe Branch


You were in the Dungeon.
You worshipped Gozag.
Gozag was noncommittal.
You visited 1 branch You collected 200 gold pieces.
You spent 168 gold pieces at shops.

Inventory:

Armour
 a - a +0 robe (worn)
Wands
 i - a wand of acid (5)
 j - a wand of iceblast (5)
Scrolls
 g - 4 scrolls of blinking
 k - 3 scrolls of fog
Potions
 b - a potion of curing
 c - 4 potions of heal wounds
 d - 4 potions of haste
 e - a potion of magic
 f - a potion of berserk rage
 h - a potion of resistance
 l - 3 potions of mutation


   Skills:
 - Level 1.7 Dodging
 - Level 1.4 Stealth
 * Level 2.4 Spellcasting
 + Level 0.8 Conjurations
 * Level 2.6 Fire Magic


You had 3 spell levels left.
You knew the following spells:

 Your Spells              Type           Power      Damage    Failure   Level
a - Foxfire               Conj/Fire      28%        2x1d5     10%         1

Your spell library contained the following spells:

 Spells                   Type           Power      Damage    Failure   Level
 Scorch                   Fire           20%        2d6       10%         2
 Conjure Flame            Conj/Fire      7%         6-21      28%         3
 Inner Flame              Hex/Fire       6%         N/A       34%         3
 Flame Wave               Conj/Fire      7%         2d5       67%         4


Dungeon Overview and Level Annotations

Branches:
Dungeon (1/1)

Altars:
Cheibriados
Dithmenos
Fedhas
Gozag
Kikubaaqudgha
Makhleb
Okawaru
Qazlal
Ru
Sif Muna
Trog
Uskayaw
Vehumet
Wu Jian
Xom
Yredelemnul
Zin
The Shining One
Lugonu

Shops:
D *[??*?*:[(!!!!

Annotations:
D Grinder


Innate Abilities, Weirdness & Mutations

You are too large for most types of armour.
You have tough skin. (AC +1)


Message History

Casting: Foxfire (safe; 10% risk of failure)
Confirm with . or Enter, or press ? or * to list all spells.
You conjure some foxfire!
Grinder shouts!
Unknown command.
Press < or > to pray at altars.
Casting: Foxfire (safe; 10% risk of failure)
Confirm with . or Enter, or press ? or * to list all spells.
You conjure some foxfire!
Grinder blinks!
Unknown command.
Press < or > to pray at altars.
Casting: Foxfire (safe; 10% risk of failure)
Confirm with . or Enter, or press ? or * to list all spells.
You conjure some foxfire!
The foxfire hits Grinder.
Grinder is lightly wounded.
The foxfire hits Grinder.
Grinder is lightly wounded.
The foxfire hits Grinder.
Grinder is lightly wounded.
The foxfire hits Grinder.
Grinder is moderately wounded.
Grinder gestures at you. Pain shoots through your body!
Unknown command.
Press < or > to pray at altars.
Your foxfire dissipates!
The foxfire hits Grinder but does no damage.
Grinder is moderately wounded.
Grinder gestures at you.
You suddenly lose the ability to move!
You can move again.
Unknown command.
Magic courses through your body.
Unknown command.
Casting: Foxfire (safe; 10% risk of failure)
Confirm with . or Enter, or press ? or * to list all spells.
You conjure some foxfire!
Grinder hits you!
Ouch! That really hurt!
You die...
Your body crumbles into a pile of gold.

#⌠⌠⌠## .....# #.....#
##∩.....∩ #∩....... #_.......
#........ #_5......_
###@........###
#⌠v.v........⌠#
######.8.........8.######
##.___......###......__.∩#
###∩........8.# #.8........∩
##.............###...........
#⌠..........###...###........
#⌠..........# #.<.# #........
#⌠..........###...###........


You could see Grinder (ally target).

Vanquished Creatures (others)
  5 foxfires (D)
5 creatures vanquished.

Notes
Turn   | Place    | Note
-------+----------+-------------------------------------------
     0 | D        | Zeld the Ogre Fire Elementalist began the quest for the
                  | Orb.
     0 | D        | Reached XP level 1. HP: 16/16 MP: 3/3
     3 | D        | Found an opulent altar of Gozag.
     4 | D        | Found a shimmering altar of Xom.
     4 | D        | Found an iron altar of Okawaru.
     5 | D        | Found a stormy altar of Qazlal.
     5 | D        | Found a burning altar of Makhleb.
     5 | D        | Round 1.
     6 | D        | Found a basalt altar of Yredelemnul.
     6 | D        | Found a hide-covered altar of Uskayaw.
     6 | D        | Found a bloodstained altar of Trog.
     6 | D        | Found Haloedinyl's Weapon Rack.
     6 | D        | Found Wotzevink's Premium Goods.
     7 | D        | Found Kujuod's Do-It-Yourself Clinic.
     8 | D        | Found Echoudui's Bottled Wisdom.
     8 | D        | Found Heugh's Distillery.
     8 | D        | Found a blossoming altar of Fedhas.
     8 | D        | Found a glowing silver altar of Zin.
     8 | D        | Found Jacirch Esse's Distillery.
    12 | D        | Became a worshipper of Gozag Ym Sagoz the Greedy
    23 | D        | Bought 2 potions of mutation for 112 gold pieces
    23 | D        | Bought a potion of mutation for 56 gold pieces
    26 | D        | Found a glowing golden altar of the Shining One.
    39 | D        | Found Inog's Basic Armour.
    39 | D        | Found Buabyr's Miscellaneous Merchandise.
    57 | D        | Found an ornate altar of the Wu Jian Council.
    61 | D        | Found a sacrificial altar of Ru.
    61 | D        | Found a shadowy altar of Dithmenos.
    61 | D        | Found Eruij's Identification Station.
    61 | D        | Found Ozeobeod's Advanced Armour.
    62 | D        | Found Folen's Jewellery.
    68 | D        | Found a snail-covered altar of Cheibriados.
    68 | D        | Found a radiant altar of Vehumet.
    68 | D        | Found an ancient bone altar of Kikubaaqudgha.
    80 | D        | Found a corrupted altar of Lugonu.
    84 | D        | Found a shimmering blue altar of Sif Muna.
    84 | D        | Found Cikoc's Magic Scroll Shop.
    84 | D        | Found Ixtugea's Magic Scroll Shop.
    85 | D        | Found Yqoecus's Must-Have Magic.
    87 | D        | Noticed Grinder
    91 | D        | Paralysed by Grinder for 3 turns
    95 | D        | Slain by Grinder

Illustrated notes

Levels and vault maps discovered:
D:        arena_sprint

Action                   || total
-------------------------++-------
 Cast: Foxfire           ||     4
  Use: Potion            ||     1
